 Dungeon Crawl Stone Soup version 0.18-a0-1354-gbc5753f (webtiles) character file.

1299 gorblad the Chopper (level 8, -5/71 HPs)
             Began as a Hill Orc Gladiator on Feb 20, 2016.
             Was a Follower of Dithmenos.
             Slain by an unseen horror (7 damage)
             ... on level 6 of the Dungeon.
             The game lasted 00:09:40 (5508 turns).

gorblad the Chopper (Hill Orc Gladiator)            Turns: 5508, Time: 00:09:40

Health: -5/71      AC: 11    Str: 20    XL:     8   Next: 57%
Magic:  8/8        EV: 13    Int:  8    God:    Dithmenos [*.....]
Gold:   220        SH:  0    Dex: 11    Spells: 0 memorised, 7 levels left

rFire  . . .     SeeInvis .     a - +0 war axe
rCold  . . .     Gourm    .     e - +1 scale mail
rNeg   . . .     Faith    .     (no shield)
rPois  .         Spirit   .     c - +2 helmet
rElec  .         Dismiss  .     (no cloak)
rCorr  .         Reflect  .     (no gloves)
SustAt .         Harm     .     (no boots)
MR     .....                    (no amulet)
Stlth  ..........               (no ring)
                                k - +1 ring of evasion

@: very slightly contaminated, hasted, wreathed by umbra, very quick, not
resistant to hostile enchantments, extremely unstealthy
A: no striking features
a: Renounce Religion


You were on level 6 of the Dungeon.
You worshipped Dithmenos.
Dithmenos was aware of your devotion.
You were not hungry.

You visited 1 branch of the dungeon, and saw 6 of its levels.

You collected 220 gold pieces.

Inventory:

Hand Weapons
 a - a +0 war axe (weapon)
Missiles
 d - 3 throwing nets (quivered)
Armour
 b - a +0 leather armour
 c - a +2 helmet (worn)
 e - a +1 scale mail (worn)
Jewellery
 h - an uncursed ring of poison resistance {unknown}
 k - a +1 ring of evasion (left hand)
Wands
 q - a wand of iceblast (7/15)
Scrolls
 i - 6 scrolls of remove curse
 l - a scroll of amnesia
 p - 2 scrolls of teleportation
 t - a scroll of magic mapping
Potions
 o - a potion of invisibility
 r - a potion of brilliance {unknown}
 s - 2 potions of flight
 v - a potion of cure mutation {unknown}
Books
 g - Kikubaaqudgha's Disquisition on Black Secrets
   (You found it on level 5 of the Dungeon)

   Spells                             Type                      Level
   a - Pain                           Necromancy                   1
 u - a Necronomicon

   Spells                             Type                      Level
   a - Haunt                          Necromancy/Summoning         7
   b - Borgnjor's Revivification      Necromancy                   8
   c - Death's Door                   Charms/Necromancy            8
   d - Necromutation                  Transmutation/Necromancy     8
 w - Vehumet's Volume of Attacks
   (You found it on level 5 of the Dungeon)

   Spells                             Type                      Level
   a - Magic Dart                     Conjuration                  1
 x - Sif Muna's Collected Works on Aid
   (You found it on level 5 of the Dungeon)

   Spells                             Type                      Level
   a - Infusion                       Charms                       1
Comestibles
 f - 6 bread rations
 m - 7 meat rations
 z - 2 fruits


   Skills:
 + Level 6.6 Fighting
 + Level 7.3 Axes
 - Level 1.7 Throwing
 + Level 5.3 Armour
 + Level 5.0 Dodging


You had 7 spell levels left.
You didn't know any spells.

Dungeon Overview and Level Annotations

Branches:
Dungeon (6/15)             Temple (0/1) D:4

Altars:
Ashenzari
Dithmenos
Kikubaaqudgha
Okawaru
Qazlal
Sif Muna
Trog
Vehumet


Message History

Something hits you but does no damage. Something hits you but does no damage.
Something barely misses you.
You slash something! Something hits you.
* * * LOW HITPOINT WARNING * * *
Something barely misses you. Something hits you.
* * * LOW HITPOINT WARNING * * *
Drink which item? (? for menu, Esc to quit)
You feel better. Something hits you but does no damage.
Drink which item? (? for menu, Esc to quit)
You feel yourself speed up.
Something hits you but does no damage. x2
You are very lightly contaminated with residual magic.
You slash something! Something hits you.
* * * LOW HITPOINT WARNING * * *
Something hits you!
* * * LOW HITPOINT WARNING * * *
Something hits you.
* * * LOW HITPOINT WARNING * * *
You hit something but do no damage. Something hits you!
You die...

### ##. ..# ###.. #.# ....#
#.# #.#.# #.# #.#.# #.# ##.#.#
#.# #..... ##.##########
######..### ##.......@...#
#......## #
####...########(###.####.#
#.....)#######...##.# #.####
#.#..............##.# #..#.#
#.##.#.#######...##.######...
#.#..#.# #......###....###..#
#....#.# #.###..###.###.##<.#
#......# #.# #........#......
........###.###..###.#.#..#..#


There were no monsters in sight!

Vanquished Creatures
  2 ice beasts
  A sky beast (D:6)
  An ogre (D:6)
  2 phantoms (D:5)
  A giant frog (D:6)
  3 scorpions (D:5)
  A giant frog zombie (D:6)
  A crimson imp (D:5)
  3 hounds
  An orc priest (D:5)
  An orc wizard (D:4)
  A centaur skeleton (D:5)
  6 worker ants
  A hound zombie (D:5)
  6 adders
  A shadow imp (D:5)
  4 worms
  5 giant geckos
  7 orcs
  7 giant cockroaches
  3 goblins
  8 hobgoblins
  A jackal (D:2)
  7 kobolds
  A ball python (D:4)
  4 bats
  A giant cockroach zombie (D:5)
  9 giant newts
  A quokka skeleton (D:5)
  6 rats
96 creatures vanquished.

Notes
Turn   | Place    | Note
--------------------------------------------------------------
     0 | D:1      | gorblad the Hill Orc Gladiator began the quest for the Orb.
     0 | D:1      | Reached XP level 1. HP: 18/18 MP: 1/1
   251 | D:1      | Reached XP level 2. HP: 25/25 MP: 2/2
   894 | D:2      | Reached XP level 3. HP: 24/30 MP: 3/3
   902 | D:2      | Reached skill level 1 in Armour
  1447 | D:3      | Reached XP level 4. HP: 24/38 MP: 4/4
  1845 | D:3      | Found an iron altar of Okawaru.
  2319 | D:4      | Found a staircase to the Ecumenical Temple.
  2380 | D:4      | Reached XP level 5. HP: 20/46 MP: 5/5
  2637 | D:4      | Reached skill level 5 in Axes
  2684 | D:4      | Reached XP level 6. HP: 39/53 MP: 6/6
  2770 | D:4      | Found a shadowy altar of Dithmenos.
  3299 | D:4      | Became a worshipper of Dithmenos the Shadowed
  3346 | D:5      | Entered Level 5 of the Dungeon
  3346 | D:5      | Noticed a phantom
  3880 | D:5      | Found a shattered altar of Ashenzari.
  3937 | D:5      | Reached XP level 7. HP: 39/60 MP: 7/7
  3962 | D:5      | Reached skill level 5 in Fighting
  4124 | D:5      | Reached skill level 6 in Axes
  4363 | D:5      | Found a deep blue altar of Sif Muna.
  4365 | D:5      | Found an ancient bone altar of Kikubaaqudgha.
  4365 | D:5      | Found a radiant altar of Vehumet.
  4378 | D:5      | Identified Kikubaaqudgha's Disquisition on Black Secrets
  4387 | D:5      | Identified Vehumet's Volume of Attacks
  4397 | D:5      | Identified Sif Muna's Collected Works on Aid
  4464 | D:5      | Found a shadowy altar of Dithmenos.
  4464 | D:5      | Found a stormy altar of Qazlal.
  4506 | D:5      | Found a bloodstained altar of Trog.
  4582 | D:5      | Reached XP level 8. HP: 53/70 MP: 8/8
  4912 | D:5      | Reached * piety under Dithmenos
  5202 | D:6      | Reached skill level 7 in Axes
  5202 | D:6      | Reached skill level 5 in Armour
  5394 | D:6      | Reached skill level 5 in Dodging
  5489 | D:6      | HP: 3/71 [something (5)]
  5507 | D:6      | HP: 2/71 [something (3)]
  5508 | D:6      | Slain by an unseen horror

Vault maps used:
D:1:      evilmike_arrival_fibonacci_small
D:2:      first_bread
D:3:      okawaru_ov_weapons_minmay, serial_curves, eino_curves_01,
          eino_curves_02
D:4:      temple_statues, nicolae_dithmenos_shadow_blocks
D:5:      grunt_temple_overflow_magic_moments, kennysheep_little_box,
          ashenzari_conservatory_becter, gammafunk_temple_overflow_statue
D:6:      grunt_temple_overflow_open

Action                   |  1- 3 |  4- 6 |  7- 9 || total
-------------------------+-------+-------+-------++-------
Melee: War axe           |   108 |   168 |   162 ||   438
  Use: Scroll            |     6 |     8 |     3 ||    17
       Potion            |       |       |     7 ||     7
  Eat: Chunk             |     2 |     8 |     5 ||    15
